 Dungeon Crawl Stone Soup version 0.31.0-32-g396128a36d (webtiles) character file.

Game seed: 16229031583712146138

247 Doomgape the Trooper (level 6, -1/40 HPs)
             Began as a Gargoyle Fighter on Apr 3, 2024.
             Killed by divine providence
             ... invoked by an orc priest
              (14 damage)
             ... on level 4 of the Dungeon.
             The game lasted 00:07:52 (3280 turns).

Doomgape the Trooper (Gargoyle Fighter)             Turns: 3280, Time: 00:07:53

Health: -1/40      AC: 11    Str: 28    XL:     6   Next: 11%
Magic:  6/6        EV:  9    Int:  8    God:
Gold:   194        SH:  5    Dex:  9    Spells: 5/5 levels left

rFire   . . .        a - +1 flail
rCold   . . .        c - +1 buckler
rNeg    + . .        b - +0 scale mail
rPois   ∞            (no helmet)
rElec   +            (no cloak)
rCorr   .            (no gloves)
SInv    +            (no boots)
Will    .....        (no amulet) Stlth
                     e - ring of see invisible
HPRegen 0.26/turn    g - +6 ring of strength
MPRegen 0.10/turn

%: no passive effects
@: no status effects
A: sickness immunity, AC +4, negative energy resistance 1, electricity
resistance, torment resistance 1, petrification resistance
a: no special abilities


You were on level 4 of the Dungeon.
You visited 1 branch of the dungeon, and saw 4 of its levels.
You also visited: Sewer.

You collected 194 gold pieces.

Inventory:

Hand Weapons
 a - a +1 flail (weapon)
Armour
 b - a +0 scale mail (worn)
 c - a +1 buckler (worn)
Jewellery
 e - a ring of see invisible (left hand)
 g - a +6 ring of strength (right hand)
Scrolls
 f - a scroll of revelation
 i - 2 scrolls of teleportation
 l - a scroll of immolation
Potions
 d - a potion of heal wounds
 h - a potion of ambrosia {unknown}
 j - a potion of berserk rage {unknown}
 k - a potion of invisibility {unknown}
 m - a potion of attraction {unknown}


   Skills:
 + Level 4.9 Fighting
 + Level 3.7 Maces & Flails
 + Level 4.8 Armour
 - Level 3.7 Shields


You had 5 spell levels left.
You didn't know any spells.
Your spell library contained the following spells:

 Spells                   Type           Power      Damage    Failure   Level
 Hailstorm                Conj/Ice       0%         3d5       97%         3
 Summon Ice Beast         Ice/Summ       0%         N/A       97%         3
 Sculpt Simulacrum        Ice/Alch       0%         N/A       100%        6
 Malign Gateway           Summ/Tloc      0%         N/A       100%        7
 Summon Horrible Things   Summ           0%         N/A       100%        8


Dungeon Overview and Level Annotations

Branches:
Dungeon (4/15)              Sewer (visited)
 Temple: D:4-7

Altars:
Kikubaaqudgha
Qazlal
Vehumet

Shops:
D:2 :


Innate Abilities, Weirdness & Mutations

You are immune to sickness and miasma.
Your stone body is resilient. (AC +4)
You are immune to poison.
You resist negative energy. (rN+)
You are resistant to electric shocks. (rElec)
You are resistant to unholy torment.
You are immune to petrification.


Message History

Beogh smites you!
* * * LOW HITPOINT WARNING * * *
Unknown command.
You hit the giant cockroach.
The giant cockroach is moderately wounded.
You block the giant cockroach's attack.
You hit the giant cockroach but do no damage.
The giant cockroach is moderately wounded.
You block the giant cockroach's attack. The giant cockroach bites you.
* * * LOW HITPOINT WARNING * * *
Unknown command.
You barely miss the giant cockroach.
The giant cockroach is moderately wounded.
The orc priest miscasts a cantrip.
The giant cockroach closely misses you.
Unknown command.
You sock the giant cockroach!
You kill the giant cockroach!
You block the orc's attack.
Unknown command.
You sock the orc!
You kill the orc!
Unknown command.
You completely miss the orc priest. The orc priest barely misses you.
You barely miss the orc priest. The orc priest closely misses you.
Unknown command.
You closely miss the orc priest. You block the orc priest's attack.
Unknown command.
You hit the orc priest but do no damage.
The orc priest begins to cast a cantrip, but forgets the words!
You block the orc priest's attack.
You barely miss the orc priest.
The orc priest hits you but does no damage.
You barely miss the orc priest.
The orc priest casts a cantrip, but nothing happens.
You sock the orc priest!
The orc priest is heavily wounded.
The orc priest mumbles some strange prayers to Beogh against you.
Beogh smites you!
You die...

#..... #..#.# # #.....
#.###########...#.
.#.#.......##....
..#.#...#.###... #####
#.#.#...#.# ##..
......###.#.......######
#.....o@...............#
#.###.###.#.......####.#
.. #........^.# #.# ##
#.....#...### #.#
##...###### #.# ##.##
#.# #.# ####.# #.#
#..... ##'## #.##.#


You could see an orc priest.

Vanquished Creatures
  Terence (D:2)
  2 orc wizards
  A hell rat (Sewer)
  2 adders
  4 river rats
  A dart slug (D:1)
  2 ribbon worms
  6 orcs
  6 ball pythons
  3 bats (D:3)
  7 endoplasms
  5 giant cockroaches
  12 goblins
  4 hobgoblins
  5 jackals
  4 kobolds
  3 quokkas (D:2)
  4 frilled lizards
  10 rats
82 creatures vanquished.

Notes
Turn   | Place    | Note
-------+----------+-------------------------------------------
     0 | D:1      | Doomgape the Gargoyle Fighter began the quest for the Orb.
     0 | D:1      | Reached XP level 1. HP: 14/14 MP: 1/1
   402 | D:1      | Reached XP level 2. HP: 19/19 MP: 2/2
  1088 | D:2      | Reached XP level 3. HP: 22/23 MP: 3/3
  1446 | D:2      | Noticed Terence
  1455 | D:2      | Killed Terence
  1456 | D:2      | Reached XP level 4. HP: 29/29 MP: 4/4
  1466 | D:2      | Found Xozxomoi's Book Shoppe.
  2012 | D:3      | Reached XP level 5. HP: 23/34 MP: 5/5
  2482 | D:3      | Found a glowing drain.
  2500 | Sewer    | Entered a sewer
  2904 | D:3      | Found a stormy altar of Qazlal.
  2904 | D:3      | Found an ancient bone altar of Kikubaaqudgha.
  3076 | D:4      | Found a radiant altar of Vehumet.
  3267 | D:4      | Reached XP level 6. HP: 24/40 MP: 6/6
  3280 | D:4      | Killed from afar by an orc priest

Illustrated notes

Levels and vault maps discovered:
D:1:      evilmike_arrival_crescent, layout_loops_corners,
          minmay_stone_trees_small
D:2:      layout_loops_ring, serial_shops, shop_statue, minmay_heptomino_l4,
          uniq_terence
D:3:      layout_basic, mainiacjoe_overflow_divided_tiny, portal_sewer_entry_b
D:4:      layout_loops_corners, nicolae_vehumet_radiance, temple_doors_e,
          bh_walls_and_bars

Skill      XL: |  1  2  3  4 |
---------------+-------------+-----
Fighting       | 4 |  4.9
Armour         | 4 |  4.8
Maces & Flails | 3 |  3.7
Shields        | |  3.7

Action                     |  1- 3 |  4- 6 || total
---------------------------+-------+-------++-------
  Melee: Flail             |   105 |   172 ||   277
    Use: Scroll            |       |     6 ||     6
         Potion            |       |     4 ||     4
 Armour: Scale mail        |    83 |   157 ||   240
  Dodge: Dodged            |    63 |   108 ||   171
  Block: Buckler           |    22 |    57 ||    79
